 Dungeon Crawl Stone Soup version 0.29.1-12-g30fa7ad0bf (webtiles) character file.

Game seed: 12142456120411261741

2 Nonny the Gusty (level 1, 0/9 HPs)
             Began as a Vine Stalker Air Elementalist on Jan 6, 2023.
             Slain by a quokka (1 damage)
             ... on level 1 of the Dungeon.
             The game lasted 00:01:36 (94 turns).

Nonny the Gusty (Vine Stalker Air Elementalist)       Turns: 94, Time: 00:01:36

Health: 0/9        AC:  5    Str: 10    XL:     1   Next: 40%
Magic:  0/4        EV: 10    Int: 15    God:
Gold:   17         SH:  0    Dex: 14    Spells: 3/4 levels left

rFire   . . .      SeeInvis .   (no weapon)
rCold   . . .      Faith    .   (no shield)
rNeg    . . .      Spirit   +   d - +0 ring mail
rPois   .          Reflect  .   (no helmet)
rElec   .          Harm     .   (no cloak)
rCorr   .          Rampage  .   (no gloves)
Will    .....                   (no boots)
Stlth   +.........              (no amulet)
HPRegen 0.03/turn               (no ring)
MPRegen 0.09/turn               (no ring)

@: no status effects
A: fangs 2, magic shield, antimagic bite, no potion heal 2
a: no special abilities


You were on level 1 of the Dungeon.
You visited 1 branch of the dungeon, and saw 1 of its levels.

You collected 17 gold pieces.

Inventory:

Armour
 a - a +0 robe
 d - a +0 ring mail (worn)
Scrolls
 c - a scroll of blinking {unknown}
Potions
 b - a potion of magic


   Skills:
 - Level 1.5 Dodging
 * Level 2.4 Stealth
 - Level 2.1 Spellcasting
 - Level 1.0 Conjurations
 + Level 3.1 Air Magic


You had 3 spell levels left.
You knew the following spells:

 Your Spells              Type           Power      Damage    Failure   Level
a - Shock                 Conj/Air       28%        1d4       24%         1

Your spell library contained the following spells:

 Spells                   Type           Power      Damage    Failure   Level
 Static Discharge         Conj/Air       7%         3-4/arc   36%         2
 Swiftness                Air            11%        N/A       43%         3
 Airstrike                Air            5%         2d(1-17)  83%         4


Dungeon Overview and Level Annotations

Branches:
Dungeon (1/15)

Altars:


Innate Abilities, Weirdness & Mutations

You have extremely sharp teeth.
When hurt, damage is shared between your health and your magic reserves.
Your bite disrupts and absorbs the magic of your enemies.
Potions cannot restore your health.


Message History

The quokka is heavily wounded.
The quokka bites you but does no damage.
You barely miss the quokka.
The quokka is heavily wounded.
The quokka bites you.
You hit the quokka but do no damage.
The quokka is heavily wounded.
The quokka barely misses you.
You barely miss the quokka. Your bite misses the quokka.
The quokka is heavily wounded.
The quokka barely misses you.
You hit the quokka.
The quokka is almost dead.
The quokka bites you.
* * * LOW HITPOINT WARNING * * *
The quokka completely misses you.
Unknown command.
You barely miss the quokka.
The quokka is severely wounded.
The quokka barely misses you.
You hit the quokka but do no damage. Your bite misses the quokka.
The quokka is severely wounded.
The quokka closely misses you.
You miss the quokka. Your bite misses the quokka.
The quokka is heavily wounded.
The quokka closely misses you.
Your magical contamination has completely faded away.
You closely miss the quokka. You bite the quokka, but do no damage.
The quokka is heavily wounded.
The quokka barely misses you.
You miss the quokka.
The quokka is heavily wounded.
The quokka bites you.
* * * LOW HITPOINT WARNING * * *
The quokka barely misses you.
Unknown command.
You closely miss the quokka.
The quokka is heavily wounded.
The quokka bites you.
You die...

....# ##. ....### #..
......####.#####
...............
#..###≈≈≈≈≈≈≈##
#..#≈≈≈≈≈≈≈≈≈≈# .
#J##≈≈≈≈≈≈≈≈≈≈#...
#r##≈≈≈...~≈≈≈#...
#######@##≈≈...≈≈~≈≈#..(
##........#≈≈.......≈#...
##.........#≈≈≈..<....#...
#..........#≈≈.......(....
#..........###............
#..............#######....
#..............# ##...
#..............# #...
##.........(..## #...


You could see an endoplasm and a quokka.

Vanquished Creatures
  A ball python (D:1)
  An endoplasm (D:1)
2 creatures vanquished.

Notes
Turn   | Place    | Note
-------+----------+-------------------------------------------
     0 | D:1      | Nonny the Vine Stalker Air Elementalist began the quest for
                  | the Orb.
     0 | D:1      | Reached XP level 1. HP: 9/9 MP: 4/4
     9 | D:1      | Starting vault: next to a deep pool of water.
    32 | D:1      | Endoplasm to the west.
    44 | D:1      | +0 ring mail to the east.
    94 | D:1      | Slain by a quokka

Illustrated notes ...####.##### ........... ###≈≈≈≈≈≈≈## #≈≈≈≈≈≈≈≈≈≈# #≈≈≈≈≈≈≈≈≈≈# #≈≈≈...~≈≈≈# #≈≈...≈≈~≈≈# #≈≈.......≈# #≈≈≈..@....# #≈≈.......(.... ###............# ....#######....# ....? #...# ..... ...# .(.. [.# ... Turn 9 on D:1: Starting vault: next to a deep pool of water.

###≈≈≈≈≈≈≈## #≈≈≈≈≈≈≈≈≈≈#
#.##≈≈≈≈≈≈≈≈≈≈#
#.##≈≈≈...~≈≈≈#
#######.##≈≈...≈≈~≈≈#
##........#≈≈.......≈#
##.........#≈≈≈..<....#.
#..........#≈≈.......(....
#..........###@...........#
#..............#######....#
#..............# #...#
#..............# ...#
##.........(..## [.#
##..........## ############


Turn 32 on D:1: Endoplasm to the west. #.##≈≈...≈≈~≈≈#..(...
...#≈≈.......≈#....# ...#≈≈≈..<....#....# ...#≈≈.......(....#
...###............# .......#######....# .......# ##...# .......# #...# ...(..##
#.@.# .....## ##### ###### Turn 44 on D:1: +0 ring mail to the east.

Levels and vault maps discovered:
D:1:      dpeg_arrival_pond, layout_rooms

Action                   || total
-------------------------++-------
Melee: Unarmed           ||    14
       Bite              ||     1
 Cast: Shock             ||     4
Armor: Ring mail         ||     5
Dodge: Dodged            ||    10
